 Dungeon Crawl Stone Soup version 0.18.1-47-g9310371 (webtiles) character file.

3267 Shtopit the Ducker (level 9, 0/59 HPs)
             Began as a High Elf Skald on June 19, 2016.
             Was a Priest of Okawaru.
             Killed by divine providence
             ... invoked by an orc priest
              (14 damage)
             ... on level 8 of the Dungeon.
             The game lasted 00:40:20 (11139 turns).

Shtopit the Ducker (High Elf Skald)                Turns: 11139, Time: 00:40:21

Health: 0/59       AC:  7    Str: 13    XL:     9   Next: 68%
Magic:  14/18      EV: 19    Int: 18    God:    Okawaru [***...]
Gold:   111        SH:  0    Dex: 15    Spells: 7 memorised, 4 levels left

rFire  + . .     SeeInvis .     z - +3 dagger (elec)
rCold  . . .     Gourm    .     b - +0 leather armour
rNeg   . . .     Faith    .     (no shield)
rPois  +         Spirit   .     (helmet restricted)
rElec  .         Dismiss  .     F - +1 cloak {rPois}
rCorr  .         Reflect  .     (no gloves)
SustAt .         Harm     .     g - +0 pair of boots
MR     .....                    (no amulet)
Stlth  +++.......               D - +3 ring of evasion
                                S - ring of protection from fire (curse)

@: not resistant to hostile enchantments, fairly stealthy
A: claws 1, horns 1, MP-powered wands
a: Heroism, Renounce Religion


You were on level 8 of the Dungeon.
You worshipped Okawaru.
Okawaru was most pleased with you.
You were not hungry.

You visited 1 branch of the dungeon, and saw 9 of its levels.

You collected 316 gold pieces.
You spent 205 gold pieces at shops.

Inventory:

Hand Weapons
 a - a +0 falchion
 i - a +2 dagger of protection
 w - a +0 blowgun
 z - a +3 dagger of electrocution (weapon)
 E - a +0 long sword
 W - a +0 shortbow
Missiles
 B - 4 tomahawks of returning
 H - 187 stones (quivered)
 I - 6 curare-tipped needles
 X - 73 arrows
Armour
 b - a +0 leather armour (worn)
 g - a +0 pair of boots (worn)
 n - a +4 scale mail
 o - a cursed +0 ring mail
 F - a +1 cloak of poison resistance (worn)
Jewellery
 y - an uncursed ring of protection from cold
 D - a +3 ring of evasion (right claw)
 S - a cursed ring of protection from fire (left claw)
 U - an uncursed ring of fire
Wands
 P - a wand of slowing (48/48)
Scrolls
 f - 2 scrolls of teleportation
 m - 3 scrolls of noise
 r - a scroll of amnesia
 t - 9 scrolls of remove curse
 v - a scroll of recharging
 x - 2 scrolls of random uselessness
 L - 2 scrolls of enchant weapon
Potions
 e - 3 potions of might
 h - a potion of invisibility
 l - 6 potions of curing {unknown}
 q - 2 potions of flight
 A - 2 potions of lignification
 J - 2 potions of berserk rage
 K - 3 potions of agility
 N - a potion of degeneration {unknown}
 O - a potion of magic {unknown}
 Q - 3 potions of brilliance
 R - 2 potions of haste
 T - a potion of ambrosia {unknown}
 V - 2 potions of cure mutation {unknown}
Books
 c - a book of Battle

   Spells                             Type                      Level
   a - Infusion                       Charms                       1
   b - Shroud of Golubria             Charms/Translocation         2
   c - Song of Slaying                Charms                       2
   d - Spectral Weapon                Hexes/Charms                 3
   e - Regeneration                   Charms/Necromancy            3
 u - a book of the Sky

   Spells                             Type                      Level
   a - Summon Lightning Spire         Summoning/Air                4
   b - Airstrike                      Air                          4
   c - Silence                        Hexes/Air                    5
   d - Deflect Missiles               Charms/Air                   6
   e - Conjure Ball Lightning         Conjuration/Air              6
   f - Tornado                        Air                          9
 C - a book of the Tempests

   Spells                             Type                      Level
   a - Static Discharge               Conjuration/Air              3
   b - Lightning Bolt                 Conjuration/Air              5
   c - Fireball                       Conjuration/Fire             5
   d - Tornado                        Air                          9
   e - Shatter                        Earth                        9
 M - a book of Minor Magic

   Spells                             Type                      Level
   a - Magic Dart                     Conjuration                  1
   b - Blink                          Translocation                2
   c - Call Imp                       Summoning                    2
   d - Repel Missiles                 Charms/Air                   2
   e - Slow                           Hexes                        2
   f - Conjure Flame                  Conjuration/Fire             3
   g - Mephitic Cloud                 Conjuration/Poison/Air       3
Comestibles
 d - 6 bread rations
 j - 9 chunks of flesh
 p - 2 slices of pizza
 s - 4 meat rations


   Skills:
 + Level 4.7 Fighting
 + Level 5.0(5.4) Short Blades
 + Level 2.8(4.3) Long Blades
 + Level 1.1 Throwing
 * Level 5.7 Armour
 + Level 7.5 Dodging
 + Level 4.5 Stealth
 + Level 5.7 Spellcasting
 + Level 6.3 Charms
 + Level 0.7 Translocations


You had 4 spell levels left.
You knew the following spells:

 Your Spells              Type           Power        Failure   Level  Hunger
a - Infusion              Chrm           ####         1%          1    None
b - Song of Slaying       Chrm           ####....     1%          2    None
c - Shroud of Golubria    Chrm/Tloc      ###.......   8%          2    None
d - Regeneration          Chrm/Necr      ###.......   14%         3    ##.....
e - Spectral Weapon       Hex/Chrm       ###.....     14%         3    ##.....
f - Repel Missiles        Chrm/Air       ###...       8%          2    None
g - Blink                 Tloc           N/A          17%         2    None


Dungeon Overview and Level Annotations

Branches:
Dungeon (9/15)
 Temple: D:4-7         Lair: D:8-11         Orc: D:9-12

Altars:
Ashenzari
Cheibriados
Fedhas
Gozag
Makhleb
Nemelex Xobeh
Okawaru
Ru
Vehumet
Xom
Zin

Shops:
D:5 }   D:6 !

Annotations:
D:3 barakagiga's ghost, amateur DrTm
D:6 exclusion: oklob sapling


Innate Abilities, Weirdness & Mutations

You have sharp fingernails.
You have a pair of small horns on your head.
You expend magic power (3 MP) to strengthen your wands.


Message History

Something hits you.
The orc moves out of view.
You miss something. Something hits you. Something hits you.
An orc comes into view. It is wielding a hand axe.
Something hits you.
The orc moves out of view.
Your magical contamination has completely faded away.
Something closely misses you.
You hit something. You headbutt something. Something hits you!
* * * LOW HITPOINT WARNING * * *
Something barely misses you. x2
Casting: Regeneration
Confirm with . or Enter, or press ? or * to list all spells.
You blink.
A centaur comes into view.
The centaur shouts!
An orc priest comes into view. It is wielding a whip.
The orc priest shouts!
The orc shouts!
The orc priest calls down the wrath of Beogh upon you.
Beogh smites you!
You die...

#..#...<.....#
###...o#o######
#.........###
#.#.#...o#......
...........####. #. #.
###.........o)#
#..#.#####...###..##......
#..#......ยง#>....<.......#
#....####.......@....o.#..
#..#.###..###.....c....$..
#.....#..## #........###..
..#.....#####>.......# .#
#......................
####..#.#########..#####
.....##.# .## ....# #.( ##
.... ##.#


You could see an orc warrior, a centaur, 2 orc priests and 2 orcs.

Vanquished Creatures
  A troll (D:9)
  A hippogriff (D:7)
  A hungry ghost (D:6)
  3 ice beasts
  A sky beast (D:9)
  3 ogres
  3 centaurs
  4 giant frogs
  A wyvern skeleton (D:6)
  A scorpion (D:8)
  A water moccasin skeleton (D:5)
  4 howler monkeys
  4 crimson imps
  2 giant frog zombies
  2 jellies
  A quasit (D:5)
  2 centaur skeletons
  An orc priest (D:4)
  2 hounds
  3 giant frog skeletons
  6 iguanas
  5 orc wizards
  Natasha (thrice) (D:4)
  6 worker ants
  A hound skeleton (D:6)
  9 gnolls
  10 adders
  3 shadow imps
  4 worms
  3 dart slugs
  6 giant geckos
  17 orcs
  6 giant cockroaches
  14 goblins
  12 hobgoblins
  9 jackals
  15 kobolds
  A quokka (D:6)
  A ball python (D:1)
  8 bats
  A giant cockroach zombie (D:5)
  5 giant newts
  2 quokka skeletons
  A quokka zombie (D:5)
  14 rats
203 creatures vanquished.

Vanquished Creatures (others)
  2 orc warriors (D:7)
  A giant frog (D:7)
  An orc wizard (D:7)
  An orc (D:7)
  A bush (D:7)
  2 plants
8 creatures vanquished.

Grand Total: 211 creatures vanquished

Notes
Turn   | Place    | Note
--------------------------------------------------------------
     0 | D:1      | Shtopit the High Elf Skald began the quest for the Orb.
     0 | D:1      | Reached XP level 1. HP: 14/14 MP: 4/4
   207 | D:1      | Reached XP level 2. HP: 16/19 MP: 2/6
   248 | D:1      | Learned a level 2 spell: Song of Slaying
   251 | D:1      | Learned a level 2 spell: Shroud of Golubria
   305 | D:1      | Reached skill level 1 in Armour
   644 | D:1      | Reached XP level 3. HP: 24/24 MP: 1/8
  1513 | D:2      | Found a shattered altar of Ashenzari.
  2175 | D:2      | Found a sacrificial altar of Ru.
  2230 | D:2      | Reached skill level 2 in Dodging
  2230 | D:2      | Reached XP level 4. HP: 27/30 MP: 0/9
  3000 | D:3      | Noticed barakagiga's ghost (amateur DrTm)
  3006 | D:3      | Reached skill level 1 in Stealth
  3129 | D:2      | Learned a level 3 spell: Regeneration
  3327 | D:3      | Reached XP level 5. HP: 35/35 MP: 7/10
  3399 | D:3      | Found a faded altar to an unknown god.
  4770 | D:3      | Found an iron altar of Okawaru.
  5143 | D:3      | Became a worshipper of Warmaster Okawaru
  5372 | D:4      | Reached skill level 1 in Short Blades
  5561 | D:4      | Found a sacrificial altar of Ru.
  5582 | D:4      | Found an opulent altar of Gozag.
  5582 | D:4      | Found a glowing silver altar of Zin.
  5582 | D:4      | Noticed Natasha
  5592 | D:4      | Killed Natasha
  5592 | D:4      | Reached XP level 6. HP: 34/41 MP: 4/12
  5597 | D:4      | Learned a level 3 spell: Spectral Weapon
  6100 | D:4      | Noticed Natasha
  6104 | D:4      | Killed Natasha
  6322 | D:4      | Reached skill level 3 in Dodging
  6352 | D:4      | Noticed Natasha
  6366 | D:4      | Killed Natasha
  6481 | D:4      | Found a snail-covered altar of Cheibriados.
  6544 | D:5      | Entered Level 5 of the Dungeon
  6724 | D:5      | Reached XP level 7. HP: 46/46 MP: 14/14
  7153 | D:4      | Reached skill level 5 in Charms
  7159 | D:4      | Reached * piety under Okawaru
  7165 | D:4      | Reached skill level 4 in Dodging
  7611 | D:5      | Found a burning altar of Makhleb.
  7611 | D:5      | Noticed a balrug
  7615 | D:5      | Noticed a neqoxec
  7615 | D:5      | Noticed a ynoxinul
  7790 | D:5      | Found Gaupo's Gadget Emporium.
  8162 | D:6      | Reached XP level 8. HP: 52/52 MP: 12/15
  8205 | D:6      | Found Siwn's Distillery.
  8231 | D:6      | Reached skill level 5 in Dodging
  8269 | D:6      | Bought a potion of mutation for 25 gold pieces
  8269 | D:6      | Bought a potion of brilliance for 40 gold pieces
  8269 | D:6      | Bought a potion of agility for 40 gold pieces
  8269 | D:6      | Bought a potion of haste for 100 gold pieces
  8269 | D:6      | Gained mutation: You expend magic power (3 MP) to strengthen your wands. [potion of mutation]
  8269 | D:6      | Gained mutation: You have a pair of small horns on your head. [potion of mutation]
  8269 | D:6      | Gained mutation: You have sharp fingernails. [potion of mutation]
  8418 | D:6      | Reached ** piety under Okawaru
  8979 | D:6      | Reached skill level 5 in Spellcasting
  9606 | D:7      | Found a blossoming altar of Fedhas.
  9946 | D:7      | Reached skill level 5 in Armour
 10000 | D:7      | Reached skill level 6 in Dodging
 10002 | D:7      | Reached XP level 9. HP: 58/58 MP: 18/18
 10021 | D:7      | Found a shimmering altar of Xom.
 10148 | D:7      | Found a blossoming altar of Fedhas.
 10176 | D:7      | Reached *** piety under Okawaru
 10371 | D:6      | Reached skill level 1 in Throwing
 10765 | D:8      | Learned a level 2 spell: Repel Missiles
 10768 | D:8      | Learned a level 2 spell: Blink
 10852 | D:9      | Found a radiant altar of Vehumet.
 10852 | D:9      | Found a sparkling altar of Nemelex Xobeh.
 10868 | D:9      | Noticed a troll
 10880 | D:9      | Killed a troll
 10880 | D:9      | Reached skill level 7 in Dodging
 11057 | D:9      | Reached skill level 5 in Short Blades
 11139 | D:8      | Killed from afar by an orc priest

Skill      XL: |  1  2  3  4  5  6  7  8  9 |
---------------+----------------------------+-----
Charms         | 4 5 6 |  6.3
Armour         | 1 2 3 5 |  5.7
Dodging        | 2 3 4 6 7 |  7.5
Spellcasting   | 3 4 5 |  5.7
Stealth        | 1 2 3 4 |  4.5
Short Blades   | 1 2 3 5 |  5.0
Fighting       | 3 4 |  4.7
Throwing       | 1 |  1.1
Long Blades    | |  2.8
Translocations | |  0.7

Action                   |  1- 3 |  4- 6 |  7- 9 || total
-------------------------+-------+-------+-------++-------
Melee: Falchion          |    81 |       |       ||    81
       Dagger            |   168 |   245 |   316 ||   729
       Headbutt          |       |       |    39 ||    39
 Fire: Blowgun           |       |     9 |     2 ||    11
Throw: Stone             |       |     1 |     2 ||     3
 Cast: Infusion          |    22 |    31 |    20 ||    73
       Song of Slaying   |       |     3 |     1 ||     4
       Shroud of Golubri |       |     2 |     4 ||     6
       Regeneration      |       |     1 |     1 ||     2
       Spectral Weapon   |       |       |     2 ||     2
       Blink             |       |       |     1 ||     1
  Use: Scroll            |       |       |    14 ||    14
       Potion            |       |       |     1 ||     1
 Stab: Sleeping          |     1 |       |     8 ||     9
       Distracted        |       |     1 |       ||     1
  Eat: Chunk             |     5 |    15 |    14 ||    34
       Royal jelly       |       |       |     1 ||     1
Armor: Leather armour    |    40 |   108 |    64 ||   212
Dodge: Dodged            |    95 |   150 |   239 ||   484
